 Dungeon Crawl Stone Soup version 0.29.1-12-g30fa7ad0bf (webtiles) character file.

Game seed: 3678573578210177771

1236 hawla the Firebug (level 9, 0/64 HPs)
             Began as a Meteoran Fire Elementalist on Jan 10, 2023.
             Was a Follower of Vehumet.
             Slain by an orc warrior
             ... wielding a +0 glaive
              (9 damage)
             ... in a bailey.
             The game lasted 00:09:32 (1330 turns).

hawla the Firebug (Meteoran Fire Elementalist)      Turns: 1330, Time: 00:09:32

Health: 0/64       AC:  3    Str: 11    XL:     9   Next: 6%
Magic:  6/20       EV: 13    Int: 21    God:    Vehumet [*.....]
Gold:   184        SH:  0    Dex: 12    Spells: 15/22 levels left

rFire   . . .      SeeInvis .   k - +9 hammer of Breach {vorpal, rPois rC++ Dex-2}
rCold   + + .      Faith    .   (no shield)
rNeg    . . .      Spirit   .   a - +0 robe
rPois   +          Reflect  .   (no helmet)
rElec   .          Harm     .   e - +0 cloak
rCorr   .          Rampage  .   (no gloves)
Will    +....                   (no boots)
Stlth   +.........              (no amulet)
HPRegen 0.20/turn               (no ring)
MPRegen 0.17/turn               (no ring)

@: glowing
A: sense surroundings 2, otherworldly, glowing, explore regen
a: Renounce Religion


You were in a bailey.
You worshipped Vehumet.
Vehumet was aware of your devotion.
You visited 1 branch of the dungeon, and saw 7 of its levels.
You also visited: Bailey.

You collected 184 gold pieces.

Inventory:

Hand Weapons
 k - the +9 hammer of Breach (weapon) {vorpal, rPois rC++ Dex-2}
   (You found it on level 4 of the Dungeon)

   It inflicts extra damage upon your enemies.
   Dex:       It affects your dexterity (-2).
   rC:        It greatly protects you from cold.
   rPois:     It protects you from poison.
 l - the +7 hammer of the Key {holy, rElec rC+}
   (You found it on level 4 of the Dungeon)

   It has been blessed by the Shining One to cause great damage to the undead
   and demons.
   rC:        It protects you from cold.
   rElec:     It insulates you from electricity.
Armour
 a - a +0 robe (worn)
 e - a +0 cloak (worn)
Potions
 b - a potion of heal wounds {unknown}
 c - 2 potions of ambrosia {unknown}
 d - 2 potions of haste {unknown}
 f - a potion of mutation {unknown}
 h - 2 potions of brilliance
 i - a potion of curing {unknown}
 m - a potion of resistance {unknown}
 p - 2 potions of attraction {unknown}


   Skills:
 + Level 1.0 Fighting
 + Level 0.6 Maces & Flails
 + Level 3.5 Dodging
 - Level 1.4 Stealth
 + Level 7.3 Spellcasting
 + Level 6.1 Conjurations
 + Level 7.8 Fire Magic


You had 15 spell levels left.
You knew the following spells:

 Your Spells              Type           Power      Damage    Failure   Level
a - Foxfire               Conj/Fire      100%       2x1d9     1%          1
b - Scorch                Fire           80%        2d9       1%          2
c - Flame Wave            Conj/Fire      36%        2d10      4%          4

Your spell library contained the following spells:

 Spells                   Type           Power      Damage    Failure   Level
 Magic Dart               Conj           100%       1d8       1%          1
 Conjure Flame            Conj/Fire      36%        6-21      1%          3
 Inner Flame              Hex/Fire       24%        N/A       4%          3
 Ensorcelled Hibernation  Hex/Ice        14%        N/A       13%         2
 Spider Form              Tmut/Pois      7%         N/A       26%         3
 Anguish                  Hex/Necr       3%         N/A       65%         4


Dungeon Overview and Level Annotations

Branches:
Dungeon (7/15) Zot: 2986   Temple (0/1) D:7          Bailey (1/1) Zot: 480

Altars:
Cheibriados
Fedhas
Kikubaaqudgha
Qazlal
Ru
Trog
Vehumet
Yredelemnul


Innate Abilities, Weirdness & Mutations

You passively map the area around you.
You are easily found by Zot.
You glow in the dark.
You regain HP and MP as you explore.


Message History

Your experience leads to an increase in your attributes!
Your base attributes are Str 11, Int 18, Dex 14.
Increase (S)trength, (I)ntelligence, or (D)exterity?
You feel clever. x3
Your attunement to dungeon structure grows.
Your foxfire dissipates! x2
You open the door.
An orc warrior comes into view. It is wielding a +0 glaive.
The orc warrior shouts!
The orc warrior moves out of view.
There is an open door here.
An orc comes into view. It is wielding a +0 spear.
There are monsters nearby!
Casting: Scorch (safe; 1% risk of failure)
Confirm with . or Enter, or press ? or * to list all spells.
Flames lash the orc warrior.
The orc warrior is lightly wounded.
The orc warrior's fire resistance burns away.
The orc warrior barely misses you.
Casting: Scorch (safe; 1% risk of failure)
Confirm with . or Enter, or press ? or * to list all spells.
Flames lash the orc warrior.
The orc warrior is burned terribly!
The orc warrior is heavily wounded.
The orc warrior barely misses you.
Casting: Scorch (safe; 1% risk of failure)
Confirm with . or Enter, or press ? or * to list all spells.
Flames lash the orc warrior.
The orc warrior is severely wounded.
The orc warrior hits you from afar with a +0 glaive!
* * * LOW HITPOINT WARNING * * *
Casting: Scorch (safe; 1% risk of failure)
Confirm with . or Enter, or press ? or * to list all spells.
Flames lash the orc warrior but do no damage.
The orc warrior barely misses you.
Casting: Scorch (safe; 1% risk of failure)
Confirm with . or Enter, or press ? or * to list all spells.
Flames lash the orc warrior.
The orc warrior is burned terribly!
The orc warrior is almost dead.
The orc warrior hits you from afar with a +0 glaive!
You die...

, , ~ ~, , , , ~~ *
##. ~ , * , ~, * ***
... , , , , , , ~~~ *
, * ~ ~ ~ * ..., ** ..
,, ,, ,* ####*
###'#### ####### ,*
$$.# §.......##@.o..#
~, $.#
§≈§.§§≈..'#...##..~
.##, ~§....§≈≈..##.##
* +#, ...⌠...≈§..#+#,
,, ,§.⌠∩⌠§.§...# *, ~
≈....)≈≈..## , *
≈≈≈≈≈§≈§.## , * ,~, ,
* .....§.)##, ,*
#########+###'########
~ *


You could see an orc warrior (combustible).

Vanquished Creatures
  6 orc warriors (Bailey)
  2 black bears
  A scorpion (D:4)
  3 killer bees (D:7)
  A howler monkey (D:5)
  A hound (D:4)
  A jelly (D:5)
  Crazy Yiuf (D:4)
  2 orc priests
  An iguana (D:5)
  2 adders
  An ufetubus (D:7)
  A dart slug (D:4)
  21 orcs
  2 ball pythons (D:4)
  3 endoplasms
  6 giant cockroaches
  4 hobgoblins
  2 jackals (D:4)
  A quokka (D:1)
  5 goblins
  A kobold (D:4)
68 creatures vanquished.

Vanquished Creatures (others)
  179 foxfires
  A plant (D:5)
180 creatures vanquished.

Grand Total: 248 creatures vanquished

Notes
Turn   | Place    | Note
-------+----------+-------------------------------------------
     0 | D:1      | hawla the Meteoran Fire Elementalist began the quest for
                  | the Orb.
     0 | D:1      | Reached XP level 1. HP: 14/14 MP: 5/5
   121 | D:2      | Reached XP level 2. HP: 20/20 MP: 4/6
   244 | D:4      | Reached XP level 3. HP: 26/26 MP: 5/8
   263 | D:4      | Reached XP level 4. HP: 28/33 MP: 6/10
   266 | D:4      | Learned a level 2 spell: Scorch
   271 | D:4      | Learned a level 4 spell: Flame Wave
   300 | D:4      | Reached XP level 5. HP: 25/38 MP: 7/11
   495 | D:4      | Noticed a black bear
   501 | D:4      | Killed a black bear
   502 | D:4      | Reached skill level 5 in Fire Magic
   502 | D:4      | Reached XP level 6. HP: 45/45 MP: 2/13
   600 | D:4      | Found a runed translucent door.
   601 | D:4      | Noticed Crazy Yiuf
   607 | D:4      | Killed Crazy Yiuf
   609 | D:4      | Identified the +9 hammer of Breach {vorpal, rPois rC++
                  | Dex-2}
   610 | D:4      | Identified the +7 hammer of the Key {holy, rElec rC+}
   615 | D:4      | Identified the +1 hammer "Enin" {flame, rElec}
   723 | D:4      | Found a radiant altar of Vehumet.
   723 | D:4      | Found a bloodstained altar of Trog.
   732 | D:4      | Found an ancient bone altar of Kikubaaqudgha.
   736 | D:4      | Became a worshipper of Vehumet
   739 | D:4      | Found a basalt altar of Yredelemnul.
   739 | D:4      | Found a stormy altar of Qazlal.
   743 | D:4      | Found a blossoming altar of Fedhas.
   746 | D:4      | Found a sacrificial altar of Ru.
   930 | D:5      | Entered Level 5 of the Dungeon
   958 | D:5      | Reached skill level 5 in Conjurations
   958 | D:5      | Reached XP level 7. HP: 50/50 MP: 12/14
  1007 | D:6      | Reached skill level 5 in Spellcasting
  1097 | D:6      | Found a snail-covered altar of Cheibriados.
  1192 | D:7      | Reached XP level 8. HP: 58/58 MP: 11/17
  1206 | D:7      | Found a flagged portal.
  1213 | Bailey   | Entered a bailey
  1301 | Bailey   | Reached * piety under Vehumet
  1301 | Bailey   | Offered knowledge of Magic Dart by Vehumet.
  1311 | Bailey   | Reached skill level 1 in Fighting
  1318 | Bailey   | Gained mutation: You passively map the area around you.
                  | [Meteoran growth]
  1318 | Bailey   | Reached XP level 9. HP: 14/64 MP: 11/20
  1330 | Bailey   | Slain by an orc warrior

Illustrated notes

Levels and vault maps discovered:
D:1:      giann_bridges, layout_basic, minmay_misc_feat_secret_circle
D:2:      layout_basic, serial_shops, shop, lemuel_flame_loot_1
D:3:      layout_basic, shapermc_ecumenical_altar_venn, minmay_mini_jars,
          uniq_ijyb, uniq_robin, uniq_natasha
D:4:      layout_gridville, nicolae_overflow_hallway_of_the_gods,
          uniq_crazy_yiuf_cottage
D:5:      layout_cave_pools, minitemple, serial_bayou_pond_b
D:6:      layout_basic, amcnicky_altar_gilded, ebering_ghost_reflecting_pool,
          uniq_blork_the_orc
D:7:      nzn_winding_woodlands_stair_cross [nzn_winding_woodlands_5x15_pool,
          nzn_winding_woodlands_center_pierced_h,
          nzn_winding_woodlands_5x15_split_checker,
          nzn_winding_woodlands_5x5_checkerboard,
          nzn_winding_woodlands_hourglass,
          nzn_winding_woodlands_5x15_sidewinder,
          nzn_winding_woodlands_center_triple_pond,
          nzn_winding_woodlands_5x15_parted], layout_cave_pods,
          minmay_temple_entry_hall, enter_bailey_4
Bailey:   bailey_polearm_1, bailey

Skill      XL: |  1  2  3  4  5  6  7  8 |
---------------+-------------------------+-----
Fire Magic     | 4 5 6 7 |  7.8
Spellcasting   | 3 4 5 7 |  7.3
Conjurations   | 3 4 5 6 |  6.1
Dodging        | 3 |  3.5
Fighting       | 1 |  1.0
Maces & Flails | |  0.6
Stealth        | |  1.4

Action                   |  1- 3 |  4- 6 |  7- 9 || total
-------------------------+-------+-------+-------++-------
Melee: Unarmed           |     2 |     4 |       ||     6
       Mace              |       |     2 |     1 ||     3
 Cast: Foxfire           |    23 |    34 |    44 ||   101
       Scorch            |       |    12 |    24 ||    36
       Flame Wave        |       |       |     4 ||     4
  Use: Potion            |       |     1 |     1 ||     2
       Scroll            |       |     5 |     1 ||     6
Armor: Robe              |     3 |     2 |     4 ||     9
Dodge: Dodged            |     3 |     8 |    15 ||    26
